 Dungeon Crawl Stone Soup version 0.27-a0-1137-g3ef0f4ec91 (webtiles) character file.

Game seed: 14398133806244296037

191 Mgcat the Magician (level 5, -1/39 HPs)
             Began as a Djinni Conjurer on May 6, 2021.
             Slain by an orc wizard
             ... wielding a +0 dagger
              (3 damage)
             ... on level 3 of the Dungeon.
             The game lasted 00:03:35 (3216 turns).

Mgcat the Magician (Djinni Conjurer)                Turns: 3216, Time: 00:03:35

Health: -1/39      AC:  2    Str:  6    XL:     5   Next: 70%
Gold:   182        EV: 12    Int: 20    God:
                   SH:  0    Dex: 12

rFire    + + .     SeeInvis .   f - staff of air {rElec}
rCold    x . .     Faith    .   (no shield)
rNeg     . . .     Spirit   .   a - +0 robe
rPois    ∞         Reflect  .   (no helmet)
rElec    +         Harm     .   (no cloak)
rCorr    .         Rampage  .   (no gloves)
Will     .....                  (boots unavailable)
Stlth    ++........             (no amulet)
HPRegen  0.13/turn              (no ring)
MPRegen  0.00/turn              (no ring)

@: flying
A: sickness immunity, fire resistance 2, cold vulnerability 1, float, innate
caster, hp casting, extra vitality 1
a: no special abilities


You were on level 3 of the Dungeon.
You visited 1 branch of the dungeon, and saw 4 of its levels.

You collected 182 gold pieces.

Inventory:

Armour
 a - a +0 robe (worn)
Magical Staves
 f - a staff of air (weapon) {rElec}
   (You found it on level 2 of the Dungeon)
Wands
 l - a wand of iceblast (6)
   (You took it off Ijyb on level 3 of the Dungeon)
Scrolls
 b - a scroll of identify
Potions
 d - 3 potions of curing
 i - 2 potions of cancellation
 k - a potion of lignification {!q}
 m - a potion of attraction {!q}


   Skills:
 + Level 2.4 Fighting
 - Level 2.1 Dodging
 - Level 1.5 Stealth
 * Level 5.3 Spellcasting


You couldn't memorise any spells.
You knew the following spells:

 Your Spells              Type           Power      Damage    Failure   Level
a - Magic Dart            Conj           100%       1d8       1%          1
b - Searing Ray           Conj           52%        3d5       1%          2
c - Dazzling Flash        Conj/Hex       52%        N/A       3%          3
d - Fulminant Prism       Conj/Hex       13%        3d9       12%         4
e - Iskenderun's Mystic   Conj/Tloc      26%        2d7       12%         4
f - Freeze                Ice            100%       1d11      1%          1
g - Static Discharge      Conj/Air       40%        N/A       1%          2
Your spell library was empty.

Dungeon Overview and Level Annotations

Branches:
Dungeon (4/15)
 Temple: D:4-7

Altars:


Innate Abilities, Weirdness & Mutations

You are immune to sickness and miasma.
You are immune to poison.
Your flesh is very heat resistant. (rF++)
You are vulnerable to cold. (rC-)
You float through the air rather than walking.
You learn spells naturally, not from books.
Your magical power is your life essence.
You have superior vitality. (+4 HP)


Message History

Unknown command.
You bump into the rock wall.
The orc wizard casts a spell at you.
You are more confused.
The orc wizard closely misses you.
There is a stone staircase leading up here.
Warning x2: The orc wizard might cast Slow, Confuse, or go Invisible! x2
The orc wizard casts a spell at you. You resist with some effort.
The orc wizard closely misses you.
You fly upwards.
There is a stone staircase leading down here.
You're too confused to cast spells.
You're too confused to cast spells.
Warning x2: The orc wizard might cast Slow, Confuse, or go Invisible! x2
You closely miss the orc wizard.
The orc wizard hits you with a +0 dagger.
The orc wizard casts a spell at you.
You are more confused.
You take 2 damage, and have 29/38 hp.
You're too confused to move!
The orc wizard barely misses you.
The orc wizard gestures at you while chanting.
You resist with some effort.
Warning x2: The orc wizard might cast Slow, Confuse, or go Invisible! x2
The orc wizard hits you but does no damage.
You closely miss the orc wizard.
The orc wizard hits you with a +0 dagger.
The orc wizard misses you.
The orc wizard hits you with a +0 dagger.
You take 5 damage, and have 24/38 hp.
Warning x2: The orc wizard might cast Slow, Confuse, or go Invisible! x2
You hit the orc wizard.
The orc wizard is lightly wounded.
The orc wizard hits you with a +0 dagger.
The orc wizard barely misses you.
You take 1 damage, and have 23/38 hp.
You barely miss the orc wizard.
The orc wizard is lightly wounded.
The orc wizard hits you with a +0 dagger. x3
You take 8 damage, and have 15/38 hp.
MASSIVE DAMAGE!!
Warning x2: The orc wizard might cast Slow, Confuse, or go Invisible! x2
You bump into the rock wall.
The orc wizard hits you with a +0 dagger.
The orc wizard closely misses you.
You take 3 damage, and have 12/38 hp.
You bump into the rock wall.
The orc wizard gestures at you while chanting.
You resist with some effort. The orc wizard misses you.
Warning x2: The orc wizard might cast Slow, Confuse, or go Invisible! x2
You closely miss the orc wizard.
You feel less confused.
The orc wizard casts a spell at itself.
The orc wizard flickers and vanishes!
Deactivating autopickup; reactivate with Ctrl-A.
The orc wizard barely misses you.
Spoiler Alert: The orc wizard might cast Slow, Confuse, or go Invisible!
Casting: Magic Dart (safe; 1% risk of failure)
Confirm with . or Enter, or press ? or * to list all spells.
Aiming: Magic Dart (safe; 1% risk of failure)
Press: ? - help, Shift-Dir - straight line, f - orc wizard
Aim: an orc wizard, wielding a +0 dagger and wearing a +0 robe (severely wounded, 100% to hit)
The magic dart hits the orc wizard.
The orc wizard is severely wounded.
* * * LOW HITPOINT WARNING * * *
Something hits you.
* * * LOW HITPOINT WARNING * * *
The orc wizard hits you with a +0 dagger.
* * * LOW HITPOINT WARNING * * *
You take 5 damage, and have 7/38 hp.
Spoiler Alert: The orc wizard might cast Slow, Confuse, or go Invisible!
Casting: Magic Dart (safe; 1% risk of failure)
Confirm with . or Enter, or press ? or * to list all spells.
Aiming: Magic Dart (safe; 1% risk of failure)
Press: ? - help, Shift-Dir - straight line, f/p - orc wizard
Aim: an orc wizard, wielding a +0 dagger and wearing a +0 robe (severely wounded, 100% to hit)
The magic dart hits the orc wizard!
You kill the orc wizard!
* * * LOW HITPOINT WARNING * * *
Something hits you.
* * * LOW HITPOINT WARNING * * *
You take 3 damage, and have 4/39 hp.
Casting: Magic Dart (safe; 1% risk of failure)
Confirm with . or Enter, or press ? or * to list all spells.
You can't see any susceptible monsters within range! (Use Z to cast anyway.)
Casting: Magic Dart (safe; 1% risk of failure)
Confirm with . or Enter, or press ? or * to list all spells.
Aiming: Magic Dart (safe; 1% risk of failure)
Press: ? - help, Shift-Dir - straight line The magic dart hits something!
* * * LOW HITPOINT WARNING * * *
Something hits you.
* * * LOW HITPOINT WARNING * * *
You take 1 damage, and have 3/39 hp.
Casting: Magic Dart (safe; 1% risk of failure)
Confirm with . or Enter, or press ? or * to list all spells.
Aiming: Magic Dart (safe; 1% risk of failure)
Press: ? - help, Shift-Dir - straight line The magic dart hits something.
* * * LOW HITPOINT WARNING * * *
Something hits you.
You die...

#...#...#.#.#####........#...
#♣.♣###.....#####^.#...#.##.#
###...# ###.#........##.##...).
#.#♣.8#####.########.......####
#.#...##.......# ##...#### #
###.#..###.......# ##.##
....))## #.......# #.# #####.#
#.......# ###.# #.# #).....@#
#...# #.# #.....){# #...# #.#
#.......# #...# #.# #########
##.## #.######.## #.#
#.........#### #.#
######.....#.## #.#
#.#.#....#####.#
#.#.#..........#


There were no monsters in sight!

Vanquished Creatures
  A hound (D:3)
  Ijyb (D:3)
  An orc wizard (D:3)
  3 adders
  A worm (D:2)
  3 dart slugs
  5 orcs
  5 ball pythons
  7 endoplasms
  2 giant cockroaches (D:3)
  8 hobgoblins
  5 quokkas
  4 bats
  3 frilled lizards
  7 goblins
  7 kobolds
  4 rats
67 creatures vanquished.

Notes
Turn   | Place    | Note
-------+----------+-------------------------------------------
     0 | D:1      | Mgcat the Djinni Conjurer began the quest for the Orb.
     0 | D:1      | Reached XP level 1. HP: 15/15 MP: 0/0
   103 | D:1      | Reached XP level 2. HP: 15/21 MP: 0/0
   130 | D:1      | Reached skill level 4 in Spellcasting
   553 | D:1      | Reached XP level 3. HP: 19/26 MP: 0/0
   553 | D:1      | Learned a level 1 spell: Freeze
  1033 | D:2      | Reached skill level 1 in Fighting
  1641 | D:3      | HP: 6/27 [hound (4)]
  1643 | D:3      | Reached XP level 4. HP: 7/32 MP: 0/0
  2125 | D:3      | Found a faded altar of an unknown god.
  2500 | D:3      | Reached skill level 5 in Spellcasting
  2503 | D:3      | Noticed Ijyb
  2529 | D:3      | Reached XP level 5. HP: 34/38 MP: 0/0
  2529 | D:3      | Learned a level 2 spell: Static Discharge
  2540 | D:3      | Killed Ijyb
  2541 | D:3      | Reached skill level 2 in Fighting
  3213 | D:3      | HP: 8/38 [something (3)]
  3215 | D:3      | HP: 3/39 [something (1)]
  3216 | D:3      | Slain by an orc wizard

Illustrated notes

Levels and vault maps discovered:
D:1:      psy_arrival_whirlpool, layout_rooms, st_stairs_9
D:2:      layout_loops_corners
D:3:      layout_loops_cross, hellmonk_ecumenical_altar_crossroads,
          hangedman_decor_clover_reticule, chequers_avenue, minmay_vboxes,
          uniq_ijyb
D:4:      layout_layer_cave, grunt_decor_resistance

Skill      XL: |  1  2  3  4  5 |
---------------+----------------+-----
Spellcasting   | 4 5 |  5.3
Fighting       | 1 2 |  2.4
Dodging        | |  2.1
Stealth        | |  1.5

Action                   |  1- 3 |  4- 6 || total
-------------------------+-------+-------++-------
Melee: Staff             |       |     5 ||     5
 Cast: Magic Dart        |    71 |    66 ||   137
       Searing Ray       |       |     2 ||     2
  Use: Scroll            |       |    10 ||    10
Armor: Robe              |     3 |     1 ||     4
Dodge: Dodged            |     2 |    12 ||    14

Table legend: (Time is in decaauts)
 A = Elapsed time spent in this place.
 B = Non-inter-level travel time spent in this place.
 C = Inter-level travel time spent in this place.
 D = Time resting spent in this place.
 E = Time spent auto-exploring this place.
 F = Levels seen in this place.
 G = Mean time per level.
                   A        B        C        D        E       F      G
               +--------+--------+--------+--------+--------+-----+--------+
         Total |   3217 |   3048 |    169 |    246 |   2538 |   4 |  804.2 |
       Dungeon |   3217 |   3048 |    169 |    246 |   2538 |   4 |  804.2 |
               +--------+--------+--------+--------+--------+-----+--------+

Top non-repeatable levels by time:
     D:2: 1233 daAuts
     D:3: 1198 daAuts
     D:1: 647 daAuts
     D:4: 138 daAuts

Table legend:
 A = Kills in this place as a percentage of kills in entire the game.
 B = Kills by you in this place as a percentage of kills by you in the entire game.
 C = Kills by friends in this place as a percentage of kills by friends in the entire game.
 D = Other kills in this place as a percentage of other kills in the entire game.
 E = Experience gained in this place as a percentage of experience gained in the entire game.
 F = Experience gained in this place divided by the number of levels of this place that you have seen.
                   A       B       C       D       E      F
               +-------+-------+-------+-------+-------+----------------------
         Total | 100.0 | 100.0 |   N/A |   N/A | 100.0 |  68.2
       Dungeon | 100.0 | 100.0 |   N/A |   N/A | 100.0 |  68.2
               +-------+-------+-------+-------+-------+----------------------
